 Dungeon Crawl Stone Soup version 0.21.0 (webtiles) character file.

58 Dindles the Digger (level 3, -1/28 HPs)
             Began as a Deep Dwarf Earth Elementalist on May 21, 2018.
             Slain by an adder (2 damage)
             ... on level 2 of the Dungeon.
             The game lasted 00:08:25 (1389 turns).

Dindles the Digger (Deep Dwarf Earth Elementalist)  Turns: 1389, Time: 00:08:26

Health: -1/28      AC:  3    Str: 13    XL:     3   Next: 76%
Magic:  7/7        EV: 12    Int: 14    God:
Gold:   57         SH:  0    Dex: 15    Spells: 2/8 levels left

rFire    . . .     SeeInvis .   g - -2 dagger (curse)
rCold    . . .     Gourm    .   (no shield)
rNeg     . . .     Faith    .   f - +0 leather armour
rPois    .         Spirit   .   (no helmet)
rElec    .         Reflect  .   (no cloak)
rCorr    .         Harm     .   (no gloves)
MR       .....                  (no boots)
Stlth    ++........             (no amulet)
HPRegen  0.00/turn              (no ring)
MPRegen  0.10/turn              (no ring)

@: lethally poisoned (-1 -> -1), non-regenerating
A: damage resistance, heal wounds, agile 1, dopey 1, sense surroundings 1,
strong 1, no regeneration
a: Heal Wounds


You were on level 2 of the Dungeon.
You were not hungry.

You visited 1 branch of the dungeon, and saw 2 of its levels.

You collected 57 gold pieces.

Inventory:

Hand Weapons
 g - a cursed -2 dagger (weapon)
 h - a +2 dagger of venom
 i - a cursed -2 dagger
Missiles
 b - a stone (quivered)
Armour
 c - a +0 robe
 f - a +0 leather armour (worn)
Potions
 j - a potion of cancellation {unknown}
Books
 e - a book of Geomancy

   Spells                             Type                      Level
   a - Sandblast                      Earth                        1
   b - Passwall                       Transmutation/Earth          2
   c - Stone Arrow                    Conjuration/Earth            3
   d - Petrify                        Transmutation/Earth          4
   e - Lee's Rapid Deconstruction     Earth                        5
Comestibles
 a - 4 chunks of flesh
 d - 4 rations


   Skills:
 - Level 2.1 Dodging
 - Level 2.4 Stealth
 * Level 3.1 Spellcasting
 - Level 0.8 Transmutations
 + Level 4.8 Earth Magic


You had 2 spell levels left.
You knew the following spells:

 Your Spells              Type           Power        Failure   Level  Hunger
a - Sandblast             Erth           ###...       3%          1    #......
b - Passwall              Tmut/Erth      ##........   13%         2    ##.....
c - Stone Arrow           Conj/Erth      #.....       30%         3    ###....


Dungeon Overview and Level Annotations

Branches:
Dungeon (2/15)

Altars:


Innate Abilities, Weirdness & Mutations

You are resistant to damage.
You can heal yourself by infusing magical energy.
You passively map a small area around you.
You do not regenerate.
You are agile. (Dex +2)
You are dopey. (Int -2)
Your muscles are strong. (Str +2)


Message History

The adder bites you but does no damage. The quokka bites you.
The adder bites you.
You are more poisoned.
The adder poisons you! The rat bites you. The quokka misses you.
The adder barely misses you. The rat bites you but does no damage.
The quokka closely misses you. The adder bites you.
* * * LOW HITPOINT WARNING * * *
The rat closely misses you. The quokka closely misses you.
The adder closely misses you. The rat closely misses you.
The adder completely misses you.
The quokka bites you but does no damage.
The adder closely misses you.
The quokka bites you but does no damage.
The rat barely misses you. The adder bites you.
* * * LOW HITPOINT WARNING * * *
The quokka barely misses you. The rat bites you but does no damage.
The adder bites you but does no damage.
The quokka bites you but does no damage.
The rat bites you but does no damage. The adder bites you.
You die...

########## #..>..<...
#......... #.........
########## #.......>. *
.........######.........
......rS.##.............
......r@.#..###)...^....
,...........##
#..>...... ..........##
#......... .........##
########## .........#
..[......# * .........#
####.##### #. ,


You could see an adder, a quokka and a rat.

Vanquished Creatures
  An adder (D:2)
  2 dart slugs (D:1)
  3 leopard geckos
  4 giant cockroaches
  6 goblins
  3 hobgoblins (D:1)
  5 bats (D:1)
  5 frilled lizards
  5 kobolds
  9 rats
43 creatures vanquished.

Notes
Turn   | Place    | Note
-------+----------+-------------------------------------------
     0 | D:1      | Dindles the Deep Dwarf Earth Elementalist began the quest for the Orb.
     0 | D:1      | Reached XP level 1. HP: 15/15 MP: 3/3
   207 | D:1      | Reached XP level 2. HP: 22/22 MP: 1/5
   713 | D:1      | Reached XP level 3. HP: 20/28 MP: 4/7
  1182 | D:2      | Learned a level 2 spell: Passwall
  1186 | D:2      | Learned a level 3 spell: Stone Arrow
  1322 | D:2      | Gained mutation: Scrolls take you a little longer to read. [potion of mutation]
  1322 | D:2      | Gained mutation: Your muscles are strong. (Str +2) [potion of mutation]
  1323 | D:2      | Lost mutation: Scrolls take you a little longer to read. [potion of mutation]
  1323 | D:2      | Lost mutation: Your muscles are strong. (Str +2) [potion of mutation]
  1323 | D:2      | Gained mutation: You are agile. (Dex +2) [potion of mutation]
  1323 | D:2      | Gained mutation: You are dopey. (Int -2) [potion of mutation]
  1323 | D:2      | Gained mutation: Your muscles are strong. (Str +2) [potion of mutation]
  1387 | D:2      | HP: 1/28 [adder (1)]
  1389 | D:2      | Slain by an adder

Skill      XL: |  1  2  3 |
---------------+----------+-----
Spellcasting   | 2 3 |  3.1
Dodging        | |  2.1
Stealth        | |  2.4
Transmutations | |  0.8
Earth Magic    | |  4.8

Action                   || total
-------------------------++-------
Melee: Dagger            ||   137
 Cast: Sandblast         ||    34
  Use: Scroll            ||     2
       Potion            ||     2
 Stab: Sleeping          ||     4
  Eat: Chunk             ||     2
Armor: Leather armour    ||    42
Dodge: Dodged            ||   103
